 Dungeon Crawl Stone Soup version 0.31.0-9-g3a7656b989 (webtiles) character file.

Game seed: 1445344326043699669

1083 qw the Skirmisher (level 8, -1/46 HPs)
             Began as a Deep Elf Hunter on Feb 3, 2024.
             Incinerated by a bombardier beetle (6 damage)
             ... with a burning spray
             ... on level 6 of the Dungeon.
             The game lasted 00:02:11 (5060 turns).

qw the Skirmisher (Deep Elf Hunter)                 Turns: 5060, Time: 00:02:12

Health: -1/46      AC: 16    Str:  8 (10) XL:     8   Next: 8%
Magic:  10/10      EV: 11    Int: 15      God:
Gold:   187        SH:  0    Dex: 18      Spells: 7/7 levels left

rFire   x x .        a - +1 shortbow
rCold   x x .        (shield currently unavailable)
rNeg    . . .        h - +0 ring mail
rPois   +            e - +1 helmet
rElec   .            j - +0 cloak
rCorr   .            (no gloves)
SInv    .            (no boots)
Will    .....        b - amulet of Elemental Vulnerability {rPois rF-- rC-- AC+8}
Stlth   +            (no ring)
HPRegen 0.27/turn    (no ring)
MPRegen 0.12/turn

%: no passive effects
@: on fire, glowing
A: no striking features
a: no special abilities


You were on level 6 of the Dungeon.
You visited 2 branches of the dungeon, and saw 7 of its levels.

You collected 321 gold pieces.
You spent 134 gold pieces at shops.


   Skills:
 - Level 3.1 Fighting
 + Level 12.3 Ranged Weapons
 - Level 1.0 Armour
 - Level 3.0 Dodging
 - Level 1.2 Stealth


You had 7 spell levels left.
You didn't know any spells.
Your spell library was empty.

Inventory:

Hand Weapons
 a - a +1 shortbow (weapon)
Armour
 e - a +1 helmet (worn)
 h - a +0 ring mail (worn)
 j - a +0 cloak (worn)
 p - a +2 leather armour of fire resistance
Jewellery
 b - the amulet of Elemental Vulnerability (around neck) {rPois rF-- rC-- AC+8}
   (You found it on level 3 of the Dungeon)

   [amulet of nothing]

   AC+8:      It affects your AC (+8).
   rF--:      It makes you very vulnerable to fire.
   rC--:      It makes you very vulnerable to cold.
   rPois:     It protects you from poison
Wands
 m - a wand of mindburst (15)
Scrolls
 q - a scroll of teleportation
Potions
 c - a potion of might
 d - a potion of resistance
 f - a potion of invisibility {unknown}
 g - 7 potions of curing
 i - a potion of heal wounds
 k - a potion of cancellation
 l - a potion of brilliance {unknown}

Dungeon Overview and Level Annotations

Branches:
Dungeon (6/15)             Temple (1/1) D:5

Altars:
Fedhas
Gozag
Makhleb
Nemelex Xobeh
Qazlal
Wu Jian

Shops:
D:3 !   D:5 *

Annotations:
D:2 1 runed translucent door, Crazy Yiuf


Message History

A bombardier beetle comes into view.
You shoot an arrow.
The arrow completely misses the bombardier beetle.
You shoot an arrow.
The arrow barely misses the bombardier beetle.
You shoot an arrow. The arrow hits the bombardier beetle.
The bombardier beetle is lightly wounded.
You shoot an arrow.
The arrow hits the bombardier beetle but does no damage.
The bombardier beetle is lightly wounded.
You shoot an arrow.
The arrow hits the bombardier beetle but does no damage.
The bombardier beetle is lightly wounded.
You shoot an arrow. The arrow hits the bombardier beetle.
The bombardier beetle is heavily wounded.
You shoot an arrow. The arrow hits the bombardier beetle.
The bombardier beetle is heavily wounded.
The bombardier beetle sprays incendiary fluid at you.
The burning spray hits you.
You are covered in liquid fire!
You shoot an arrow. The arrow hits the bombardier beetle!
You kill the bombardier beetle!
The liquid fire burns you!
You are on fire!
The liquid fire burns you!
You are on fire!
The liquid fire burns you!
You are on fire!
The liquid fire burns you!
You are on fire!
The liquid fire burns you!
You are on fire!
The liquid fire burns you!
You are on fire!
The liquid fire burns you!
You are on fire!
The liquid fire burns you!
You are on fire!
The liquid fire burns you!
You die...

#..# #..# #..#
#.. #..# #.# .
#..# ##.## ..
#..# #...# ...
#..###...##...#
#............#
#.[..)......#
##.....@....#
##.......|...#
##...##......
#...# #....#
#..## ...##
#..# .## #..# .
#.. ..


There were no monsters in sight!

Vanquished Creatures
  Prince Ribbit (D:5)
  Edmund (D:4)
  A water moccasin (D:5)
  An ogre (D:5)
  3 bombardier beetles
  2 hounds
  A jelly (D:5)
  2 orc priests
  A gnoll bouda (D:4)
  Natasha (thrice) (D:2)
  An orc wizard (D:4)
  Robin (D:1)
  3 gnolls (D:4)
  3 adders
  A white imp (D:5)
  An ufetubus (D:6)
  A ribbon worm (D:2)
  18 orcs
  6 bats
  5 endoplasms
  6 giant cockroaches
  13 hobgoblins
  4 jackals (D:4)
  6 kobolds
  A quokka (D:1)
  12 ball pythons
  5 frilled lizards
  13 goblins
  7 rats
123 creatures vanquished.

Notes
Turn   | Place    | Note
-------+----------+-------------------------------------------
     0 | D:1      | qw the Deep Elf Hunter began the quest for the Orb.
     0 | D:1      | Reached XP level 1. HP: 12/12 MP: 3/3
     0 | D:1      | 0 ||| qw: Version: 0.3-a-155-g5e7d8dd
     0 | D:1      | 0 ||| qw: Game counter: 3045
     0 | D:1      | 0 ||| qw: Melee chars always use a shield: true
     0 | D:1      | 0 ||| qw: God list: Okawaru
     0 | D:1      | 0 ||| qw: Allow faded altars: false
     0 | D:1      | 0 ||| qw: Do Orc after clearing Dungeon:15 true
     0 | D:1      | 0 ||| qw: Do second Lair branch before Depths: true
     0 | D:1      | 0 ||| qw: Lair rune preference: random
     0 | D:1      | 0 ||| qw: Goals: Normal
     0 | D:1      | 0 ||| PLANNING D:1-11
    28 | D:1      | Reached XP level 2. HP: 16/16 MP: 4/4
    30 | D:1      | Reached skill level 6 in Ranged Weapons
   205 | D:1      | Found a faded altar of an unknown god.
   339 | D:1      | 339 ||| UPGRADING to +0 scale mail.
   349 | D:1      | 349 ||| DROPPING +0 leather armour.
   350 | D:1      | 350 ||| READING scroll labelled UNYOGIWUDU.
   350 | D:1      | 350 ||| IDENTIFYING 2 emerald potions
   351 | D:1      | 351 ||| READING scroll labelled XUTZED GAOFYZA.
   352 | D:1      | 352 ||| READING scroll labelled SEES MANOI.
   453 | D:1      | 453 ||| DROPPING scroll of butterflies.
   475 | D:2      | 475 ||| STAIRDANCE
   481 | D:1      | Reached XP level 3. HP: 13/20 MP: 5/5
   511 | D:2      | 511 ||| STAIRDANCE
   517 | D:2      | 517 ||| STAIRDANCE
   517 | D:2      | Noticed Robin
   522 | D:2      | 522 ||| STAIRDANCE
   536 | D:2      | 536 ||| STAIRDANCE
   541 | D:1      | HP: 5/20 [goblin/+0 club[Robin] (1)]
   606 | D:2      | 606 ||| STAIRDANCE
   620 | D:1      | Killed Robin
   621 | D:1      | Reached skill level 7 in Ranged Weapons
   657 | D:2      | 657 ||| STAIRDANCE
   668 | D:2      | 668 ||| STAIRDANCE
   673 | D:2      | 673 ||| STAIRDANCE
   700 | D:2      | Identified the +4 dagger of Change {antimagic, Str+5 Int+6}
   846 | D:2      | Reached XP level 4. HP: 19/25 MP: 6/6
   943 | D:2      | Noticed Natasha
   956 | D:2      | Killed Natasha
  1118 | D:2      | Noticed Natasha
  1125 | D:2      | Killed Natasha
  1126 | D:2      | Reached skill level 8 in Ranged Weapons
  1261 | D:2      | Found a runed translucent door.
  1262 | D:2      | Noticed Crazy Yiuf
  1460 | D:2      | Noticed Natasha
  1467 | D:2      | Killed Natasha
  1468 | D:2      | Reached XP level 5. HP: 26/29 MP: 7/7
  1554 | D:2      | 1554 ||| UPGRADING to +0 helmet.
  1559 | D:2      | 1559 ||| READING scroll labelled ZIRANA ALAO.
  1560 | D:2      | 1560 ||| READING 2 scrolls labelled RYNIHO WIWO.
  1564 | D:2      | 1564 ||| READING scroll labelled YRROLUONUA.
  1565 | D:2      | 1565 ||| READING scroll labelled AMI CAAGEWAV.
  1566 | D:2      | 1566 ||| DRINKING 2 white potions.
  1567 | D:2      | 1567 ||| DRINKING 2 grey potions.
  1674 | D:3      | Found the amulet of Elemental Vulnerability {rPois rF--
                  | rC-- AC+8}
  1699 | D:3      | Found a blossoming altar of Fedhas.
  1715 | D:3      | Found Reasag's Distillery.
  1721 | D:3      | 1721 ||| SHOPLISTING 2 potions of mutation (160 gold, have
                  | 93).
  1721 | D:3      | 1721 ||| BUYING potion of cancellation (80 gold).
  1721 | D:3      | Bought a potion of cancellation for 80 gold pieces
  1721 | D:3      | 1721 ||| SHOPLISTING potion of curing (30 gold, have 13).
  1721 | D:3      | 1721 ||| SHOPLISTING potion of haste (100 gold, have 13).
  1721 | D:3      | 1721 ||| SHOPLISTING potion of heal wounds (50 gold, have
                  | 13).
  1721 | D:3      | 1721 ||| SHOPLISTING potion of might (40 gold, have 13).
  1933 | D:3      | Reached skill level 9 in Ranged Weapons
  1942 | D:3      | HP: 6/29 [ribbon worm (7)]
  1943 | D:3      | 1943 ||| READING scroll of teleportation.
  1944 | D:3      | 1944 ||| DRINKING potion of heal wounds.
  2313 | D:3      | Found a sparkling altar of Nemelex Xobeh.
  2313 | D:3      | Found a stormy altar of Qazlal.
  2326 | D:3      | 2326 ||| UPGRADING to +0 ring mail.
  2336 | D:3      | 2336 ||| DROPPING +0 scale mail.
  2337 | D:3      | 2337 ||| UPGRADING to amulet of Elemental Vulnerability
                  | {rPois rF-- rC-- AC+8}.
  2556 | D:4      | HP: 7/30 [gnoll/+0 spear[a gnoll bouda] (2)]
  2558 | D:4      | Reached XP level 6. HP: 9/35 MP: 8/8
  3267 | D:4      | Noticed Edmund
  3268 | D:4      | 3268 ||| ZAPPING wand of mindburst (16) at -5,-3 (Edmund;
                  | floor).
  3283 | D:4      | Killed Edmund
  3284 | D:4      | Reached skill level 10 in Ranged Weapons
  3395 | D:4      | Reached skill level 3 in Dodging
  3420 | D:4      | Reached skill level 1 in Armour
  3869 | D:4      | 3869 ||| READING 2 scrolls of identify.
  3869 | D:4      | 3869 ||| IDENTIFYING orange potion
  3870 | D:4      | 3870 ||| READING scroll of identify.
  3870 | D:4      | 3870 ||| IDENTIFYING pink potion
  3871 | D:4      | 3871 ||| READING scroll labelled GIBRE CYTHRI.
  3871 | D:4      | 3871 ||| ENCHANTING +0 shortbow.
  3872 | D:4      | 3872 ||| READING scroll labelled WIKUOR YFEPP.
  3872 | D:4      | 3872 ||| ENCHANTING +0 helmet.
  3873 | D:4      | 3873 ||| DRINKING 2 bubbling sapphire potions.
  3908 | D:4      | 3908 ||| DRINKING 2 fizzy inky potions.
  3909 | D:4      | 3909 ||| DROPPING potion of lignification.
  3910 | D:4      | 3910 ||| DROPPING potion of degeneration.
  3921 | D:5      | Entered Level 5 of the Dungeon
  4078 | D:5      | Reached XP level 7. HP: 40/40 MP: 9/9
  4124 | D:5      | Found a staircase to the Ecumenical Temple.
  4125 | D:5      | 4125 ||| PLANNING TEMPLE
  4186 | D:5      | 4186 ||| READING 2 scrolls of identify.
  4186 | D:5      | 4186 ||| IDENTIFYING murky coppery potion
  4187 | D:5      | 4187 ||| READING scroll of identify.
  4187 | D:5      | 4187 ||| IDENTIFYING puce potion
  4188 | D:5      | 4188 ||| DROPPING potion of magic.
  4189 | D:5      | 4189 ||| DROPPING potion of ambrosia.
  4193 | Temple   | Entered the Ecumenical Temple
  4194 | Temple   | 4194 ||| PLANNING D:1-11
  4208 | D:5      | Noticed Prince Ribbit
  4209 | D:5      | 4209 ||| DRINKING potion of haste.
  4222 | D:5      | Killed Prince Ribbit
  4223 | D:5      | Reached skill level 11 in Ranged Weapons
  4246 | D:5      | Reached skill level 12 in Ranged Weapons
  4267 | D:5      | Found a burning altar of Makhleb.
  4420 | D:5      | Found Quatt's Neck Hole.
  4428 | D:5      | 4428 ||| BUYING +0 cloak (54 gold).
  4428 | D:5      | Bought a +0 cloak for 54 gold pieces
  4428 | D:5      | 4428 ||| SHOPLISTING amulet of Bosazol {Spirit rF+ Slay+2}
                  | (628 gold, have 168).
  4428 | D:5      | 4428 ||| SHOPLISTING amulet of guardian spirit (360 gold,
                  | have 168).
  4428 | D:5      | 4428 ||| SHOPLISTING amulet of reflection (360 gold, have
                  | 168).
  4447 | D:5      | Found an opulent altar of Gozag.
  4784 | D:5      | 4784 ||| UPGRADING to +0 cloak.
  4809 | D:6      | 4809 ||| STAIRDANCE
  4816 | D:6      | 4816 ||| STAIRDANCE
  4900 | D:6      | 4900 ||| STAIRDANCE
  4927 | D:6      | Reached skill level 3 in Fighting
  4927 | D:6      | Reached XP level 8. HP: 36/46 MP: 10/10
  5058 | D:6      | HP: 8/46 [burnt (7)]
  5060 | D:6      | Incinerated by a bombardier beetle

Levels and vault maps discovered:
D:1:      onia_arrival_pentagram, layout_rooms, basic_ecumenical_altar,
          roderic_filled_cross, chequers_serial_rivers_micro_c
D:2:      layout_loops_ring, uniq_robin, uniq_crazy_yiuf_cottage, uniq_natasha
D:3:      layout_loops_cross, nicolae_overflow_crystal_walls,
          amethyst_overflow_temple_binary, serial_forest,
          infiniplex_forest_lined_2, infiniplex_forest_clump_long,
          infiniplex_forest_zigzag_2, infiniplex_forest_corner_1,
          infiniplex_forest_straight_2, infiniplex_forest_end_2,
          infiniplex_forest_zigzag_2, infiniplex_forest_lined_2,
          infiniplex_forest_clump_large, serial_shops, shop, st_stairs_4
D:4:      layout_layer_cave, uniq_edmund
D:5:      layout_layer_cave, mainiacjoe_overflow_small_starburst,
          grunt_gozag_breadcrumbs, minmay_temple_entry_proselytizer,
          nicolae_shop_sticking_my_neck_out, uniq_prince_ribbit1
D:6:      layout_layer_cave, palyth_temple_overflow_mages
Temple:   ebering_the_one_and_only

Skill      XL: |  1  2  3  4  5  6  7 |
---------------+----------------------+-----
Ranged Weapons | 6 7 8 9 10 12 | 12.3
Fighting       | 2 3 |  3.1
Dodging        | 3 |  3.0
Armour         | 1 |  1.0
Stealth        | |  1.2

Action                     |  1- 3 |  4- 6 |  7- 9 || total
---------------------------+-------+-------+-------++-------
   Fire: Shortbow          |   123 |   239 |    91 ||   453
  Evoke: Wand              |       |     1 |       ||     1
    Use: Scroll            |     3 |     9 |     2 ||    14
         Potion            |       |     5 |     1 ||     6
 Armour: Scale mail        |    49 |    50 |       ||    99
         Leather armour    |     3 |       |       ||     3
         Ring mail         |       |    51 |    27 ||    78
  Dodge: Dodged            |    41 |    68 |    25 ||   134

Table legend:
 A = Non-vault XP
 B = Vault XP
 C = Vault XP percentage of total XP
 D = Non-vault monster count
 E = Vault monster count
 F = Vault count percentage of total count
                 A         B        C        D         E       F
            +---------+---------+-------+---------+---------+-------
      Total |     973 |     575 |  37.1 |     106 |      17 |  13.8
            +---------+---------+-------+---------+---------+-------
        D:1 |      40 |      34 |  45.9 |      27 |      10 |  27.0
        D:2 |     102 |      40 |  28.2 |      11 |       3 |  21.4
        D:3 |      67 |       1 |   1.5 |      16 |       1 |   5.9
        D:4 |     212 |     185 |  46.6 |      29 |       1 |   3.3
        D:5 |     404 |     315 |  43.8 |      16 |       2 |  11.1
        D:6 |     148 |       0 |   0.0 |       7 |       0 |   0.0
            +---------+---------+-------+---------+---------+-------
